cohdb
Replays
Latest Replays
All Replays
Popular Replays
Top Player Replays
Match Explorer
How It Works
Community
CoH3 Stats
Reddit
Sign in to upload your games and track your stats! →
Sign in with Steam
Match 47265177
Unlisted
Match 47265177
Overview
Messages
Build Orders
End
Construct Section Command Post
Vickers Machine Gun Team
Dingo Light Scout Car
Selects Canadian Shock Battlegroup
Infantry Section
Infantry Section
Construct Platoon Command Post
Humber Armored Car
Selects Attacking Spirit
Selects Canadian Shock Section
Selects Incendiary Munitions
Grenade Package
Canadian Shock Section
SpankerFel
Strategist
WHOSWHO
JVM
ikk
machingblood
swa8656
F!x
0
0
Comments
sign in to comment!
No comments posted yet!